 Seeded DCSS version 0.27.1-34-g3ba077fa99 (webtiles) character file.

Game seed: 568114637884840044 (custom seed)

9 knot the Skirmisher (level 2, 13/24 HPs)
             Began as a Demonspawn Berserker on Jan 18, 2022.
             Was a Follower of Trog.
             Quit the game on level 1 of the Dungeon.
             The game lasted 00:00:27 (535 turns).

knot the Skirmisher (Demonspawn Berserker)           Turns: 535, Time: 00:00:27

Health: 13/24      AC:  2    Str: 17    XL:     2   Next: 3%
Magic:  2/2        EV: 12    Int:  8    God:    Trog [*.....]
Gold:   0          SH:  0    Dex: 12    Spells: 1/1 levels left

rFire    . . .     SeeInvis .   a - +0 hand axe
rCold    . . .     Faith    .   (no shield)
rNeg     . . .     Spirit   .   b - +0 animal skin
rPois    .         Reflect  .   (no helmet)
rElec    .         Harm     .   (no cloak)
rCorr    .         Rampage  .   (no gloves)
Will     .....                  (no boots)
Stlth    +.........             (no amulet)
HPRegen  0.08/turn              (no ring)
MPRegen  0.08/turn              (no ring)

@: no status effects
A: demonic guardian 1
a: Renounce Religion, Berserk


You were on level 1 of the Dungeon.
You worshipped Trog.
Trog was aware of your devotion.
You visited 1 branch of the dungeon, and saw 1 of its levels.

Inventory:

Hand Weapons
 a - a +0 hand axe (weapon)
Armour
 b - a +0 animal skin (worn)
Jewellery
 e - a +6 ring of intelligence
Scrolls
 f - a scroll of identify {unknown}
Potions
 c - a potion of mutation {unknown}
 d - a potion of degeneration {unknown}


   Skills:
 + Level 3.1 Fighting
 + Level 3.0 Axes
 + Level 1.7 Armour
 + Level 1.9 Dodging


You had one spell level left.
You didn't know any spells.
Your spell library was empty.

Dungeon Overview and Level Annotations

Branches:
Dungeon (1/15)

Altars:


Innate Abilities, Weirdness & Mutations

A weak demonic guardian rushes to your aid.


Message History

You start resting.
You start resting.
HP restored.
A ball python and an endoplasm come into view.
The endoplasm quivers.
The ball python hisses angrily.
There are monsters nearby!
A hobgoblin comes into view.
The hobgoblin shouts!
You hit the ball python.
The ball python is severely wounded.
You hear an angry hiss.
The ball python closely misses you. The ball python grabs you.
The ball python constricts you.
You slash the ball python!
You kill the ball python!
Trog accepts your kill.
Your Axes skill increases to level 3!
A frilled lizard comes into view.
You closely miss the hobgoblin. The hobgoblin hits you.
You hit the hobgoblin.
The hobgoblin is heavily wounded.
The hobgoblin closely misses you.
You closely miss the hobgoblin.
The hobgoblin is heavily wounded.
The hobgoblin misses you.
You hit the hobgoblin.
You kill the hobgoblin!
Trog accepts your kill.
You hit the endoplasm. The endoplasm freezes you.
You are frozen.
You have reached level 2!
Your demonic ancestry asserts itself...
You feel the presence of a demonic guardian.
Welcome back, knot the Demonspawn Berserker.
Game seed: 568114637884840044 (custom seed) Trog says: Kill them all!
Press ? for a list of commands and other information.
Are you sure you want to abandon this character and quit the game? (Confirm with "yes".)

...ยง.. #.#.#
...... ..#.#
....#. ##.# .....
#.# ...#.#####.#
........##.#
.........#.# ##.#.
.....l...#.#......
#.@J....#
####.......#
#....#.#.#
#.....#..
#....#.#..
#.........
#....#....
#.........


You could see an endoplasm and a frilled lizard.

Vanquished Creatures
  A ball python (D:1)
  An endoplasm (D:1)
  3 hobgoblins (D:1)
  A frilled lizard (D:1)
  2 kobolds (D:1)
8 creatures vanquished.

Notes
Turn   | Place    | Note
-------+----------+-------------------------------------------
     0 | D:1      | knot the Demonspawn Berserker began the quest for the Orb.
     0 | D:1      | Reached XP level 1. HP: 18/18 MP: 1/1
   370 | D:1      | Found a faded altar of an unknown god.
   535 | D:1      | Gained mutation: A weak demonic guardian rushes to your
                  | aid. [demonic ancestry]
   535 | D:1      | Reached XP level 2. HP: 13/24 MP: 2/2
   535 | D:1      | Quit the game

Illustrated notes

Levels and vault maps discovered:
D:1:      dpeg_arrival_rooms_c, layout_basic, ebering_ecumenical_altar_mist,
          st_stairs_7, serial_bayou_lagoon_a, hangedman_decor_riveting,
          nrook_campfire

Skill      XL: |  1 |
---------------+----+-----
Axes           | 3 |  3.0
Fighting       | |  3.1
Armour         | |  1.7
Dodging        | |  1.9

Action                   || total
-------------------------++-------
Melee: Hand axe          ||    23
Invok: Berserk           ||     1
Armor: Animal skin       ||     2
Dodge: Dodged            ||    10
